 Dungeon Crawl Stone Soup version 0.29.0-10-g45618ea6d2 (webtiles) character file.

Game seed: 3490380422419111626

6440 Flugkiller the Cleaver (level 10, -1/93 HPs)
             Began as a Minotaur Fighter on Sept 1, 2022.
             Was an Elder of Okawaru.
             Slain by a death yak (22 damage)
             ... on level 9 of the Dungeon.
             The game lasted 00:04:17 (9837 turns).

Flugkiller the Cleaver (Minotaur Fighter)           Turns: 9837, Time: 00:04:17

Health: -1/93      AC: 16    Str: 27    XL:     10   Next: 67%
Magic:  11/12      EV: 12    Int:  5    God:    Okawaru [****..]
Gold:   525        SH:  6    Dex: 14    Spells: 9/9 levels left

rFire   . . .      SeeInvis .   u - +1 broad axe
rCold   + . .      Faith    .   c - +0 buckler
rNeg    + . .      Spirit   .   g - +3 scale mail "Ekaxuf" {Harm rC+ rN+}
rPois   .          Reflect  .   (helmet restricted)
rElec   .          Harm     +   G - +2 cloak
rCorr   .          Rampage  .   (no gloves)
Will    .....                   (no boots)
Stlth   ++........              y - amulet of the acrobat
HPRegen 0.25/turn               x - +6 ring of strength
MPRegen 0.13/turn               (no ring)

@: heroic
A: horns 2, retaliatory headbutt
a: Renounce Religion, Heroism, Finesse


You were on level 9 of the Dungeon.
You worshipped Okawaru.
Okawaru was greatly pleased with you.
You visited 2 branches of the dungeon, and saw 10 of its levels.

You collected 525 gold pieces.

Inventory:

Hand Weapons
 a - a +0 war axe
 u - a +1 broad axe (weapon)
   (You found it on level 5 of the Dungeon)
Missiles
 l - 12 silver boomerangs
 m - 2 boomerangs
 w - a throwing net (quivered)
Armour
 b - a +0 scale mail
 c - a +0 buckler (worn)
 g - the +3 scale mail "Ekaxuf" (worn) {Harm rC+ rN+}
   (You found it on level 4 of the Dungeon)

   rC:        It protects you from cold.
   rN:        It protects you from negative energy.
   Harm:      It increases damage dealt and taken.
 s - a +0 plate armour
   (You took it off an orc warrior on level 4 of the Dungeon)
 G - a +2 cloak (worn)
   (You found it on level 7 of the Dungeon)
Jewellery
 x - a +6 ring of strength (left hand)
   (You found it on level 5 of the Dungeon)
 y - an amulet of the acrobat (around neck)
   (You found it on level 5 of the Dungeon)
Wands
 j - a wand of light (6)
   (You found it on level 8 of the Dungeon)
Scrolls
 f - 3 scrolls of enchant armour
 h - 2 scrolls of silence
 i - a scroll of enchant weapon
 k - 2 scrolls of fear
 t - 5 scrolls of teleportation
 z - a scroll of blinking
Potions
 d - 3 potions of might
 e - 3 potions of ambrosia
 n - 3 potions of flight
 p - a potion of haste {unknown}
 v - a potion of resistance {unknown}
 A - a potion of degeneration {unknown}
 D - 2 potions of lignification
 E - a potion of heal wounds {unknown}
 F - 2 potions of attraction {unknown}
 H - 2 potions of mutation {unknown}


   Skills:
 + Level 10.0(15.0) Fighting
 * Level 13.3(18.3) Axes
 + Level 10.0(15.0) Armour
 - Level 3.6(8.6) Shields
 + Level 4.4 Invocations


You had 9 spell levels left.
You didn't know any spells.
Your spell library was empty.

Dungeon Overview and Level Annotations

Branches:
Dungeon (9/15)             Temple (1/1) D:7            Lair (0/5) D:9
    Orc: D:9-12

Altars:
Ashenzari
Dithmenos
Hepliaklqana
Makhleb
Okawaru
Qazlal
Sif Muna
Xom
Yredelemnul
Zin

Shops:
D:1 *   D:7 (


Innate Abilities, Weirdness & Mutations

You have a pair of horns on your head.
You reflexively headbutt those who attack you in melee.


Message History

Your base Axes skill increases to level 13!
Your Invocations skill increases to level 4!
You slash the death yak! You headbutt the death yak!
The death yak is moderately wounded.
You feel like a meek peon again. The death yak closely misses you.
You hit the death yak but do no damage.
The death yak is lightly wounded.
The death yak gores you but does no damage.
You hit the death yak but do no damage.
The death yak is lightly wounded.
The death yak gores you!
You hit the death yak but do no damage. You headbutt the death yak!
The death yak is moderately wounded.
The death yak gores you!
The yak snorts and paws the ground.
You hit the death yak but do no damage.
You headbutt the death yak, but do no damage.
The death yak is moderately wounded.
The death yak gores you!!
* * * LOW HITPOINT WARNING * * *
You are too injured to fight recklessly!
You slash the death yak!
The death yak is heavily wounded.
The death yak gores you but does no damage.
The yak snorts and paws the ground.
You are too injured to fight recklessly!
You gain the combat prowess of a mighty hero.
You block the death yak's attack.
You completely miss the death yak.
The death yak is heavily wounded.
The death yak gores you.
* * * LOW HITPOINT WARNING * * *
You slice the death yak!! You headbutt the death yak.
The death yak is almost dead.
You slash the death yak!
The death yak is almost dead.
The death yak gores you!
* * * LOW HITPOINT WARNING * * *
You feel better.
The death yak gores you but does no damage.
Blink to where?
Press: ? - help, Dir - move target
As you read the scroll of blinking, it crumbles to dust.
There is a stone staircase leading up here.
You climb upwards.
There is a stone staircase leading down, spattered with blood here.
You start resting.
Magic restored.
You start resting.
You feel like a meek peon again.
You start resting.
HP restored.
You gain the combat prowess of a mighty hero.
You climb downwards.
The death yak snorts and paws the ground.
There is a stone staircase leading up here.
You barely miss the death yak. The death yak gores you.
You hit the death yak.
You headbutt the death yak, but do no damage.
The death yak is lightly wounded.
The death yak barely misses you.
You slash the death yak!
You headbutt the death yak, but do no damage.
The death yak is moderately wounded.
You hit the death yak but do no damage. The death yak gores you!
The yak snorts and paws the ground.
The death yak gores you!
You barely miss the death yak. You headbutt the death yak!
The death yak is moderately wounded.
You slash the death yak! You hit the death yak.
The death yak is moderately wounded.
You hit the death yak. The death yak barely misses you. x2
The death yak attacks as you move away! The death yak gores you!
You slash the death yak! You headbutt the death yak.
The death yak is severely wounded.
You hit the death yak but do no damage.
The death yak gores you but does no damage. x2
You slash the death yak!
The death yak is almost dead.
You hit the death yak. You slash the death yak!
The death yak is almost dead.
You slash the death yak! The death yak gores you!
The death yak barely misses you.
You hit the death yak.
You kill the death yak!
Okawaru is honoured by your kill.
You can now speed up your combat.
You barely miss the death yak. The death yak gores you!!
* * * LOW HITPOINT WARNING * * *
Your base Fighting skill increases to level 10!
Your base Armour skill increases to level 10!
You are too injured to fight recklessly!
You are too injured to fight recklessly!
You are too injured to fight recklessly!
You slash the death yak!
The death yak is heavily wounded.
You hit the yak. The death yak gores you!!
You die...

##..................#
#...................#
#...................#
#...........(.......# ##
#...................# #.
#...................# #.
##.........?..##..### ###.
##..........####...#####...
######.##@## ###....#..##
#......YY########....###
#......#Y...............
#..........#############
#.......##..>.
#......#######.# #......#
#......# #......#


You could see a death yak and 2 yaks.

Vanquished Creatures
  A two-headed ogre (D:8)
  2 death yaks (D:9)
  The ghost of nmsoi the Digger, a novice GnEE of Makhleb (D:7)
  An ugly thing (D:8)
  A troll (D:6)
  A hornet (D:8)
  Sigmund (D:6)
  A yak (D:9)
  A steam dragon (D:6)
  2 water moccasins
  An orc warrior (D:4)
  4 ice beasts
  3 ogres
  A centaur (D:5)
  3 phantoms (D:7)
  3 kobold brigands
  4 bullfrogs
  3 scorpions (D:6)
  4 wights (D:8)
  A hornet simulacrum (D:7)
  6 killer bees (D:8)
  3 howler monkeys
  A wyvern simulacrum (D:7)
  4 orc priests
  A hound (D:5)
  2 iguanas
  3 orc wizards
  A centaur simulacrum (D:7)
  7 gnolls
  8 adders
  2 shadow imps (D:7)
  2 white imps (D:7)
  2 ufetubi
  2 worms
  A dart slug (D:1)
  14 orcs
  5 ball pythons
  6 bats
  5 endoplasms
  3 giant cockroaches
  10 hobgoblins
  3 frilled lizards
  4 goblins
  17 kobolds
  9 rats
160 creatures vanquished.

Vanquished Creatures (others)
  3 plants
3 creatures vanquished.

Grand Total: 163 creatures vanquished

Notes
Turn   | Place    | Note
-------+----------+-------------------------------------------
     0 | D:1      | Flugkiller the Minotaur Fighter began the quest for the
                  | Orb.
     0 | D:1      | Reached XP level 1. HP: 19/19 MP: 0/0
   144 | D:1      | Reached XP level 2. HP: 27/27 MP: 1/1
   266 | D:1      | Found Dygesor's Assorted Antiques.
   273 | D:1      | Reached skill level 3 in Axes
  1118 | D:2      | Reached XP level 3. HP: 33/33 MP: 2/2
  1640 | D:2      | Found a faded altar of an unknown god.
  1827 | D:3      | Reached skill level 4 in Axes
  1829 | D:3      | Reached XP level 4. HP: 26/40 MP: 3/3
  2398 | D:3      | Reached XP level 5. HP: 47/47 MP: 4/4
  2400 | D:3      | Reached skill level 5 in Axes
  2743 | D:4      | Identified the +3 scale mail "Ekaxuf" {Harm rC+ rN+}
  2799 | D:4      | Reached skill level 5 in Fighting
  2799 | D:4      | Reached skill level 5 in Armour
  2799 | D:4      | Reached XP level 6. HP: 41/56 MP: 5/5
  2840 | D:4      | Reached skill level 6 in Axes
  3414 | D:4      | Noticed an orc warrior
  3425 | D:4      | Killed an orc warrior
  4014 | D:5      | Entered Level 5 of the Dungeon
  4033 | D:5      | Reached XP level 7. HP: 62/62 MP: 6/6
  4073 | D:5      | Reached skill level 7 in Axes
  4822 | D:6      | Reached skill level 8 in Axes
  5077 | D:6      | Noticed a steam dragon
  5262 | D:6      | Reached XP level 8. HP: 47/71 MP: 7/7
  5569 | D:6      | Found a shimmering altar of Xom.
  5569 | D:6      | Found a basalt altar of Yredelemnul.
  5650 | D:6      | Noticed Sigmund
  5654 | D:6      | Killed Sigmund
  5655 | D:6      | Reached skill level 9 in Axes
  5749 | D:6      | Noticed a troll
  5754 | D:6      | Killed a troll
  6038 | D:6      | Reached skill level 10 in Axes
  6043 | D:6      | Identified the +0 helmet of Wegelehe {Rampage Str+3 Int+9
                  | Dex-3}
  6065 | D:6      | Reached XP level 9. HP: 81/81 MP: 8/8
  6248 | D:7      | Found a runed translucent gate.
  6248 | D:7      | Found a runed translucent gate.
  6248 | D:7      | Found a runed translucent gate.
  6290 | D:7      | Noticed nmsoi's ghost (novice GnEE)
  6307 | D:7      | Found Xihubaka's Hydra Hut.
  6312 | D:7      | Noticed an eight-headed hydra
  6383 | D:7      | Found a staircase to the Ecumenical Temple.
  6604 | D:7      | Reached skill level 11 in Axes
  6800 | Temple   | Entered the Ecumenical Temple
  6822 | Temple   | Became a worshipper of Warmaster Okawaru
  7026 | D:8      | Reached skill level 1 in Invocations
  7367 | D:7      | Killed nmsoi's ghost
  7367 | D:7      | Reached * piety under Okawaru
  7383 | D:7      | Got the ring of the Raven {Fire *Slow Fly Str+3 Int+2}
  7640 | D:8      | Noticed a two-headed ogre
  7649 | D:8      | Killed a two-headed ogre
  7649 | D:8      | Reached ** piety under Okawaru
  7650 | D:8      | Reached skill level 12 in Axes
  7650 | D:8      | Reached XP level 10. HP: 41/91 MP: 9/11
  8119 | D:8      | Paralysed by a hornet for 3 turns
  8122 | D:8      | HP: 2/90 [hornet (13)]
  8127 | D:8      | HP: 4/90 [poisoned by a hornet]
  8132 | D:8      | HP: 2/136 [poisoned by a hornet]
  8704 | D:8      | Noticed a purple ugly thing
  8708 | D:8      | Killed a purple ugly thing
  8708 | D:8      | Reached *** piety under Okawaru
  9461 | D:9      | Found a staircase to the Lair.
  9461 | D:9      | Noticed a death yak
  9462 | D:9      | Noticed a death yak
  9463 | D:9      | Noticed a death yak
  9479 | D:9      | Killed a death yak
  9480 | D:9      | Reached skill level 13 in Axes
  9489 | D:9      | HP: 2/93 [death yak (20)]
  9836 | D:9      | Killed a death yak
  9836 | D:9      | Reached **** piety under Okawaru
  9837 | D:9      | Reached skill level 10 in Fighting
  9837 | D:9      | Reached skill level 10 in Armour
  9837 | D:9      | Slain by a death yak

Illustrated notes

Levels and vault maps discovered:
D:1:      dpeg_arrival_brainrot, layout_loops_ring, serial_shops,
          nicolae_shop_overgrown_old_shop
D:2:      layout_basic, chequers_ecumenical_altar_simple_redux
D:3:      layout_basic
D:4:      cheibrodos_thug_alley, layout_cave_pods,
          minmay_misc_feat_secret_circle, chequers_mini_garden,
          serial_bayou_pond_a, minmay_misc_feat_more_columns,
          guppyfry_early_orc_mine
D:5:      layout_gridville
D:6:      layout_loops_corners, gammafunk_temple_overflow_pools, uniq_sigmund
D:7:      layout_gridville, minmay_temple_entry_nine_rooms, gammafunk_ghost_icy,
          doesnt_shop_hydraphobe
D:8:      layout_layer_cave, minmay_unpleasant_kobolds
D:9:      layout_rooms, dpeg_lair_monsters, minivault_27,
          nicolae_transporter_intersection, uniq_pikel
Temple:   compressed_dpeg_triangle_lava_temple

Skill      XL: |  1  2  3  4  5  6  7  8  9 10 |
---------------+-------------------------------+-----
Axes           | 3 4 5 6 8 10 12 13 | 13.3
Armour         | 4 5 6 7 9 10 | 10.0
Fighting       | 4 5 6 7 9 10 | 10.0
Invocations    | 3 4 |  4.4
Shields        | |  3.6

Action                   |  1- 3 |  4- 6 |  7- 9 | 10-12 || total
-------------------------+-------+-------+-------+-------++-------
Melee: War axe           |    51 |   101 |     6 |       ||   158
       Headbutt          |     4 |    18 |    24 |    19 ||    65
       Broad axe         |       |       |   144 |    72 ||   216
Invok: Heroism           |       |       |       |     4 ||     4
  Use: Scroll            |       |       |    14 |     2 ||    16
       Potion            |       |       |     1 |     3 ||     4
Armor: Scale mail        |    20 |    40 |    69 |    19 ||   148
Dodge: Dodged            |    24 |    45 |    85 |    30 ||   184
Block: Buckler           |    11 |    20 |    36 |     7 ||    74
